 Dungeon Crawl Stone Soup version 0.19.1 (webtiles) character file.

2697 Peloso the Slasher (level 9, 0/68 HPs)
             Began as a Demonspawn Fighter on Dec 24, 2016.
             Was a Follower of Ashenzari.
             Slain by an orc warrior
             ... wielding a +0 halberd
              (3 damage)
             ... on level 7 of the Dungeon.
             The game lasted 00:19:40 (6990 turns).

Peloso the Slasher (Demonspawn Fighter)             Turns: 6990, Time: 00:19:40

Health: 0/68       AC: 12    Str: 19    XL:     9   Next: 38%
Magic:  9/9        EV:  9    Int: 15    God:    Ashenzari [*.....]
Gold:   130        SH: 10    Dex: 18    Spells: 0 memorised, 8 levels left

rFire  . . .     SeeInvis .     l - +2 falchion (elec)
rCold  . . .     Gourm    .     G - +0 chain mail
rNeg   . . .     Faith    .     c - +0 shield
rPois  +         Spirit   .     (helmet restricted)
rElec  .         Reflect  .     B - +0 cloak
rCorr  .         Harm     .     (no gloves)
MR     .....                    D - +0 pair of boots "Xeat" {rPois Stlth+} (curse)
Stlth  +.........               (no amulet)
                                (no ring)
                                q - +5 ring of dexterity

@: brilliant
A: antennae 1, repulsion field 1, nightstalker 1, powered by pain 2
a: Curse Item, Scrying, Renounce Religion


You were on level 7 of the Dungeon.
You worshipped Ashenzari.
Ashenzari was aware of your devotion.
You were hungry.

You visited 2 branches of the dungeon, and saw 8 of its levels.
You also visited: Sewer.

You collected 424 gold pieces.
You spent 294 gold pieces at shops.

Inventory:

Hand Weapons
 a - a +0 long sword
 l - a +2 falchion of electrocution (weapon)
 J - a +2 whip of flaming
Armour
 b - a +0 scale mail
 c - a +0 shield (worn)
 B - a +0 cloak (worn)
 D - the cursed +0 pair of boots "Xeat" (worn) {rPois Stlth+}
   (You bought it in a shop on level 4 of the Dungeon)

   It protects you from poison.
   It makes you more stealthy.
   It has a curse placed upon it.
 G - a +0 chain mail (worn)
Jewellery
 q - a +5 ring of dexterity (left hand)
 s - an uncursed ring of poison resistance
 u - an uncursed ring of resist corrosion
 A - a +3 ring of dexterity
 I - an uncursed ring of protection from magic
Wands
 K - a wand of polymorph (10/24)
Scrolls
 e - 5 scrolls of teleportation
 h - a scroll of blinking {unknown}
 j - 3 scrolls of fear {unknown}
 n - 5 scrolls of amnesia {unknown}
 o - a scroll of fog {unknown}
 r - a scroll of enchant weapon {unknown}
 t - 4 scrolls of remove curse
 x - 6 scrolls of identify
 y - 2 scrolls of recharging {unknown}
 C - a scroll of noise {unknown}
Potions
 d - 3 potions of might
 g - 2 potions of resistance
 i - 2 potions of degeneration {unknown}
 m - a potion of flight
 p - a potion of cure mutation
 v - 2 potions of brilliance
 w - 2 potions of curing
Books
 E - a book of Power

   Spells                             Type                      Level
   a - Fulminant Prism                Conjuration/Hexes            4
   b - Iskenderun's Mystic Blast      Conjuration                  4
   c - Venom Bolt                     Conjuration/Poison           5
   d - Bolt of Magma                  Conjuration/Fire/Earth       5
   e - Iron Shot                      Conjuration/Earth            6
   f - Orb of Destruction             Conjuration                  7
   g - Spellforged Servitor           Conjuration/Summoning        7
Comestibles
 f - 7 bread rations
 k - 3 fruits
 z - 4 meat rations
 F - a beef jerky
 H - a slice of pizza


   Skills:
 + Level 5.4 Fighting
 + Level 7.5 Long Blades
 + Level 5.6 Armour
 + Level 3.2 Dodging
 + Level 2.4 Stealth
 + Level 5.7 Shields


You had 8 spell levels left.
You didn't know any spells.

Dungeon Overview and Level Annotations

Branches:
Dungeon (7/15)             Temple (1/1) D:4

Altars:
Ashenzari
Cheibriados
Elyvilon
Fedhas
Gozag
Makhleb
Nemelex Xobeh
Okawaru
Ru
Trog
Xom
The Shining One

Shops:
D:4 [


Innate Abilities, Weirdness & Mutations

You have a pair of small antennae on your head.
You are surrounded by a mild repulsion field. (EV +2)
You are slightly more attuned to the shadows.
You sometimes gain power by taking damage.


Message History

The orc warrior is lightly wounded.
The orc warrior closely misses you.
The orc wizard hits you with a dagger of holy wrath.
* * * LOW HITPOINT WARNING * * *
You convulse.
* * * LOW HITPOINT WARNING * * *
Okay, then.
Okay, then.
It was a potion of brilliance.
You feel clever all of a sudden. You block the orc warrior's attack.
The orc wizard hits you but does no damage.
It was a potion of curing.
You feel better. You block the orc wizard's attack.
The orc warrior hits you with a halberd!
* * * LOW HITPOINT WARNING * * *
It was a potion of cure mutation.
It has a very clean taste.
Your vision seems duller.
The orc wizard hits you but does no damage.
The orc warrior hits you with a halberd.
You die...

...........# .#
...........#### ...
'##+###.......############....
......+.......#...............
......#.......#...............
......#.......#..o......##...#
......#.......#o{..o.o..# ##
..##..#.......#o######+##
..##..##.......o@...#
.......#............#
.......#............#
.......+............#
.......#............#
.......#............#
.......#............# ......
######


You could see an orc warrior, an orc priest and an orc wizard.

Vanquished Creatures
  Pikel (D:6)
  The ghost of pvtr the Cudgeler, a novice MiBe of Trog (D:4)
  Grinder (D:6)
  2 phantoms (D:5)
  An orc warrior (D:6)
  A sky beast (D:6)
  2 ogres
  2 centaurs (D:6)
  3 bullfrogs
  A scorpion (D:5)
  A howler monkey (D:5)
  A jelly (D:3)
  5 orc priests
  Crazy Yiuf (D:4)
  4 orc wizards
  A worker ant (D:6)
  A hound skeleton (D:6)
  A worker ant zombie (D:6)
  13 gnolls
  8 adders
  2 oozes (D:4)
  2 dart slugs
  6 leopard geckos
  22 orcs
  14 bats
  11 giant cockroaches
  8 hobgoblins
  15 jackals
  10 kobolds
  5 quokkas
  8 ball pythons
  8 frilled lizards
  5 goblins
  A quokka skeleton (D:4)
  10 rats
178 creatures vanquished.

Notes
Turn   | Place    | Note
-------+----------+-------------------------------------------
     0 | D:1      | Peloso the Demonspawn Fighter began the quest for the Orb.
     0 | D:1      | Reached XP level 1. HP: 18/18 MP: 1/1
    52 | D:1      | Reached skill level 2 in Long Blades
   279 | D:1      | Gained mutation: You are surrounded by a mild repulsion field. (EV +2) [demonic ancestry]
   279 | D:1      | Reached XP level 2. HP: 22/24 MP: 2/2
   930 | D:1      | Gained mutation: You are slightly more attuned to the shadows. [demonic ancestry]
   930 | D:1      | Reached XP level 3. HP: 29/29 MP: 3/3
  1553 | D:2      | Gained mutation: You sometimes gain a little power by taking damage. [demonic ancestry]
  1553 | D:2      | Reached XP level 4. HP: 28/35 MP: 4/4
  1657 | D:2      | Found a bloodstained altar of Trog.
  2811 | D:3      | Reached XP level 5. HP: 35/41 MP: 5/5
  2844 | D:3      | Reached skill level 3 in Long Blades
  3161 | D:4      | Found a staircase to the Ecumenical Temple.
  3175 | D:3      | Reached skill level 1 in Dodging
  3317 | D:4      | Gained mutation: You sometimes gain power by taking damage. [demonic ancestry]
  3317 | D:4      | Reached XP level 6. HP: 47/47 MP: 6/6
  3340 | Temple   | Entered the Ecumenical Temple
  3434 | Temple   | Became a worshipper of Ashenzari the Shackled
  3620 | D:4      | Reached skill level 1 in Stealth
  3634 | D:4      | Gained mutation: You have supernaturally acute eyesight. (SInv) [potion of beneficial mutation]
  3693 | D:4      | Found Woocouq's Antique Armour Emporium.
  3700 | D:4      | Noticed pvtr's ghost (novice MiBe)
  3725 | D:4      | Killed pvtr's ghost
  3725 | D:4      | Reached skill level 4 in Long Blades
  3725 | D:4      | Gained mutation: You have a pair of small antennae on your head. [demonic ancestry]
  3725 | D:4      | Reached XP level 7. HP: 34/54 MP: 7/7
  3955 | D:4      | Found a runed door.
  4183 | D:4      | Noticed Crazy Yiuf
  4189 | D:4      | Killed Crazy Yiuf
  4239 | D:5      | Entered Level 5 of the Dungeon
  4352 | D:5      | Found a glowing drain.
  4359 | Sewer    | Entered a sewer
  4482 | Sewer    | Reached skill level 5 in Long Blades
  5020 | D:5      | Found a burning altar of Makhleb.
  5020 | D:5      | Reached * piety under Ashenzari
  5042 | D:5      | Reached XP level 8. HP: 48/61 MP: 8/8
  5983 | D:4      | Bought a pair of fine boots for 294 gold pieces
  5989 | D:4      | Identified the cursed +0 pair of boots "Xeat" {rPois Stlth+} (You bought it in a shop on level 4 of the Dungeon)
  6065 | D:6      | Reached skill level 5 in Armour
  6065 | D:6      | Reached skill level 5 in Shields
  6082 | D:6      | Reached skill level 6 in Long Blades
  6477 | D:6      | Reached skill level 5 in Fighting
  6477 | D:6      | Reached XP level 9. HP: 52/68 MP: 9/9
  6499 | D:6      | Found a white marble altar of Elyvilon.
  6499 | D:6      | Found a shimmering altar of Xom.
  6499 | D:6      | Found a glowing golden altar of the Shining One.
  6566 | D:6      | Noticed Pikel
  6607 | D:6      | Killed Pikel
  6607 | D:6      | Reached skill level 7 in Long Blades
  6631 | D:6      | Found a sparkling altar of Nemelex Xobeh.
  6737 | D:6      | Noticed Grinder
  6748 | D:6      | Killed Grinder
  6987 | D:7      | HP: 3/68 [orc wizard/dagger of holy wrath (2)]
  6990 | D:7      | Lost mutation: You have supernaturally acute eyesight. (SInv) [potion of cure mutation]
  6990 | D:7      | Slain by an orc warrior

Skill      XL: |  1  2  3  4  5  6  7  8  9 |
---------------+----------------------------+-----
Long Blades    | 2 3 4 5 6 7 |  7.5
Armour         | 3 4 5 |  5.6
Shields        | 3 4 5 |  5.7
Dodging        | 1 3 |  3.2
Stealth        | 1 2 |  2.4
Fighting       | 4 5 |  5.4

Action                   |  1- 3 |  4- 6 |  7- 9 || total
-------------------------+-------+-------+-------++-------
Melee: Long sword        |   185 |       |       ||   185
       Falchion          |       |   115 |   300 ||   415
  Use: Scroll            |       |     6 |       ||     6
       Potion            |       |     2 |     3 ||     5
 Stab: Sleeping          |       |       |     2 ||     2
  Eat: Chunk             |     3 |     6 |    10 ||    19
       Fruit             |       |       |     1 ||     1
Armor: Scale mail        |    94 |    35 |    40 ||   169
       Chain mail        |       |       |    26 ||    26
Dodge: Dodged            |    62 |    31 |    85 ||   178
Block: Shield            |   128 |    53 |   142 ||   323
       Rpst.: Long sword |    23 |       |       ||    23
       Falchion          |       |    13 |    27 ||    40
